 Dungeon Crawl Stone Soup version 0.31-a0-152-g6aa68a64a1 (webtiles) character file.

Game seed: 10606685589330885893

374 qw the Shooter (level 6, -4/57 HPs)
             Began as a Naga Hunter on June 9, 2023.
             Slain by an iguana (5 damage)
             ... on level 5 of the Dungeon.
             The game lasted 00:00:55 (3536 turns).

qw the Shooter (Naga Hunter)                        Turns: 3536, Time: 00:00:55

Health: -4/57      AC:  8    Str: 16    XL:     6   Next: 72%
Magic:  6/6        EV:  9    Int: 12    God:
Gold:   220        SH:  0    Dex: 16    Spells: 5/5 levels left

rFire   . . .        Y - +0 shortbow
rCold   . . .        (shield currently unavailable)
rNeg    + . .        b - +1 leather armour of Duck's Teeth {rN+ Will+ Str+2 Int+3}
rPois   +            (no helmet)
rElec   .            (no cloak)
rCorr   .            (no gloves)
SInv    +            (no barding)
Will    +....        (no amulet)
Stlth   ++           c - +4 ring of protection
HPRegen 0.29/turn    (no ring)
MPRegen 0.10/turn

%: no passive effects
@: very slow
A: AC +2, large, see invisible, deformed body, poison resistance, slowness 2,
spit poison 1, naga tail 1
a: Spit Poison


You were on level 5 of the Dungeon.
You visited 1 branch of the dungeon, and saw 5 of its levels.

You collected 220 gold pieces.


Innate Abilities, Weirdness & Mutations

Your serpentine skin is tough. (AC +2)
You have supernaturally acute eyesight. (SInv)
Armour fits poorly on your strangely shaped body.
Your system is resistant to poisons. (rPois)
You cover ground very slowly.
You can spit poison.
You have a snake-like lower body.


   Skills:
 - Level 4.1 Fighting
 + Level 6.2 Ranged Weapons
 - Level 1.5 Dodging
 - Level 1.5 Stealth


You had 5 spell levels left.
You didn't know any spells.
Your spell library was empty.

Inventory:

Hand Weapons
 Y - a +0 shortbow (weapon)
Armour
 b - the +1 leather armour of Duck's Teeth (worn) {rN+ Will+ Str+2 Int+3}
   (You found it on level 3 of the Dungeon)

   Str:       It affects your strength (+2).
   Int:       It affects your intelligence (+3).
   rN:        It protects you from negative energy.
   Will:      It increases your willpower.
Jewellery
 c - a +4 ring of protection (left hand)
Scrolls
 a - a scroll of identify
Potions
 d - a potion of mutation
 f - a potion of invisibility {unknown}
 g - a potion of resistance {unknown}
 i - a potion of berserk rage {unknown}
 j - a potion of attraction {unknown}

Dungeon Overview and Level Annotations

Branches:
Dungeon (5/15)
 Temple: D:4-7

Altars:
Wu Jian
Yredelemnul

Annotations:
D:4 2 transporters, qw's ghost, amateur GrHu


Message History

You shoot an arrow. The arrow hits the orc priest.
The orc priest is lightly wounded.
The orc priest barely misses you.
You shoot an arrow. The arrow hits the orc priest.
The orc priest is lightly wounded.
You have got your breath back.
The orc priest closely misses you.
3530 ||| INVOKING Spit Poison.
Aiming: Spit Poison (1% risk of failure)
Press: ? - help, Shift-Dir - straight line, f/p - orc priest The splash of poison hits the orc priest!
The orc priest is poisoned.
The orc priest is severely wounded.
A worm comes into view.
The orc priest hits you with a +0 dagger.
You shoot an arrow.
The arrow closely misses the orc priest.
The arrow hits the iguana!
The iguana is moderately wounded.
The orc priest hits you but does no damage.
You shoot an arrow.
The arrow hits the orc priest but does no damage.
The orc priest is severely wounded.
The orc priest hits you but does no damage.
You shoot an arrow. The arrow hits the orc priest.
The orc priest is almost dead.
You kill the orc priest!
The worm bites you.
You shoot an arrow. The arrow hits the iguana!
The iguana is severely wounded.
The iguana bites you. The worm bites you.
You shoot an arrow. The arrow hits the iguana.
The iguana is almost dead.
The iguana bites you.
You shoot an arrow.
The arrow hits the iguana but does no damage.
The iguana is almost dead.
You have got your breath back.
The iguana bites you.
You die...

....[. . . .. ...
.#..##.
##..#...... ..
......#..##... .
##..#.....#.. ..
#.#........... ...
#......s#...# ....
#l##.##.....
.##.##@)......(..
#.....w...<.......
#########.#####...
#.# #.# #.# #..
#.# #.#


You could see a worm, a scorpion and an iguana.

Vanquished Creatures
  2 scorpions
  An orc priest (D:5)
  A hound (D:4)
  An iguana (D:5)
  2 orc wizards
  4 adders
  3 gnolls (D:3)
  2 worms (D:3)
  2 dart slugs
  6 orcs
  4 ball pythons
  2 bats
  4 endoplasms
  2 giant cockroaches
  5 goblins
  3 hobgoblins
  A quokka (D:3)
  4 frilled lizards
  4 kobolds
  7 rats
60 creatures vanquished.

Notes
Turn   | Place    | Note
-------+----------+-------------------------------------------
     0 | D:1      | qw the Naga Hunter began the quest for the Orb.
     0 | D:1      | Reached XP level 1. HP: 19/19 MP: 1/1
     0 | D:1      | 0 ||| qw: Version: 0.2-a-122-gbc61b45
     0 | D:1      | 0 ||| qw: Game counter: 3462
     0 | D:1      | 0 ||| qw: Always use a shield: true
     0 | D:1      | 0 ||| qw: God list: Okawaru
     0 | D:1      | 0 ||| qw: Allow faded altars: false
     0 | D:1      | 0 ||| qw: Do Orc after D:15 true
     0 | D:1      | 0 ||| qw: Do second Lair branch before Depths: true
     0 | D:1      | 0 ||| qw: Lair rune preference: random
     0 | D:1      | 0 ||| qw: Plans: Normal
     0 | D:1      | 0 ||| PLANNING D:1-11
   130 | D:1      | 130 ||| INVOKING Spit Poison.
   147 | D:1      | 147 ||| INVOKING Spit Poison.
   198 | D:1      | 198 ||| INVOKING Spit Poison.
   372 | D:1      | 372 ||| INVOKING Spit Poison.
   786 | D:1      | 786 ||| READING scroll labelled JIURERHEZAL.
   787 | D:1      | 787 ||| READING scroll labelled CEUNU ZYBRIDATT.
   788 | D:1      | 788 ||| READING scroll labelled ILUNWI GIDOIV.
   789 | D:1      | 789 ||| READING scroll labelled VAUT ESHUFOEJA.
   790 | D:1      | 790 ||| DRINKING 2 bubbling orange potions.
   842 | D:1      | 842 ||| DROPPING scroll of butterflies.
   843 | D:1      | 843 ||| DROPPING potion of lignification.
   896 | D:2      | 896 ||| INVOKING Spit Poison.
   899 | D:2      | Reached skill level 4 in Ranged Weapons
   899 | D:2      | Reached XP level 2. HP: 26/26 MP: 2/2
  1022 | D:2      | 1022 ||| INVOKING Spit Poison.
  1120 | D:2      | 1120 ||| INVOKING Spit Poison.
  1150 | D:2      | 1150 ||| INVOKING Spit Poison.
  1160 | D:2      | 1160 ||| INVOKING Spit Poison.
  1199 | D:2      | 1199 ||| INVOKING Spit Poison.
  1272 | D:2      | 1272 ||| INVOKING Spit Poison.
  1318 | D:2      | 1318 ||| INVOKING Spit Poison.
  1331 | D:2      | 1331 ||| INVOKING Spit Poison.
  1390 | D:2      | Found an ornate altar of the Wu Jian Council.
  1563 | D:2      | 1563 ||| READING scroll labelled SUDEUN ORUMOHE.
  1609 | D:2      | 1609 ||| READING 2 scrolls of identify.
  1609 | D:2      | 1609 ||| IDENTIFYING grey potion
  1610 | D:2      | 1610 ||| DROPPING potion of ambrosia.
  1648 | D:3      | 1648 ||| INVOKING Spit Poison.
  1688 | D:3      | Identified the +1 leather armour of Duck's Teeth {rN+ Will+
                  | Str+2 Int+3}
  1744 | D:3      | 1744 ||| INVOKING Spit Poison.
  1747 | D:3      | Reached XP level 3. HP: 32/32 MP: 3/3
  1748 | D:3      | You fall into a shaft and drop 1 floor!
  1778 | D:4      | 1778 ||| INVOKING Spit Poison.
  1781 | D:4      | 1781 ||| INVOKING Spit Poison.
  1800 | D:4      | 1800 ||| INVOKING Spit Poison.
  1804 | D:4      | 1804 ||| INVOKING Spit Poison.
  1808 | D:4      | 1808 ||| INVOKING Spit Poison.
  1822 | D:4      | Found a basalt altar of Yredelemnul.
  1842 | D:4      | 1842 ||| INVOKING Spit Poison.
  1849 | D:4      | 1849 ||| UPGRADING to +1 leather armour of Duck's Teeth
                  | {rN+ Will+ Str+2 Int+3}.
  1859 | D:4      | 1859 ||| DROPPING +0 leather armour.
  1860 | D:4      | 1860 ||| READING 2 scrolls of identify.
  1860 | D:4      | 1860 ||| IDENTIFYING fuming orange potion
  1866 | D:4      | Noticed a scorpion
  1867 | D:4      | 1867 ||| INVOKING Spit Poison.
  1871 | D:4      | Killed a scorpion
  1872 | D:4      | Reached skill level 5 in Ranged Weapons
  1872 | D:4      | Reached XP level 4. HP: 15/39 MP: 4/4
  1873 | D:4      | 1873 ||| INVOKING Spit Poison.
  1873 | D:4      | HP: 9/39 [poisoned by a scorpion]
  1875 | D:4      | Reached XP level 5. HP: 9/46 MP: 5/5
  1878 | D:4      | HP: 4/46 [poisoned by a scorpion]
  1879 | D:4      | HP: 1/46 [goblin/+0 dagger (1)]
  1880 | D:4      | 1880 ||| INVOKING Spit Poison.
  2058 | D:3      | 2058 ||| INVOKING Spit Poison.
  2093 | D:3      | 2093 ||| INVOKING Spit Poison.
  2098 | D:3      | 2098 ||| INVOKING Spit Poison.
  2101 | D:3      | 2101 ||| INVOKING Spit Poison.
  2106 | D:3      | HP: 10/48 [hobgoblin (4)]
  2108 | D:3      | 2108 ||| INVOKING Spit Poison.
  2111 | D:3      | HP: 5/48 [hobgoblin (2)]
  2267 | D:3      | 2267 ||| INVOKING Spit Poison.
  2270 | D:3      | Reached skill level 3 in Fighting
  2271 | D:3      | Noticed a shining eye
  2274 | D:3      | Found a faded altar of an unknown god.
  2277 | D:3      | Noticed a floating eye
  2277 | D:3      | Noticed a shining eye
  2277 | D:3      | Noticed a golden eye
  2281 | D:3      | 2281 ||| INVOKING Spit Poison.
  2300 | D:3      | 2300 ||| INVOKING Spit Poison.
  2304 | D:3      | 2304 ||| INVOKING Spit Poison.
  2308 | D:3      | 2308 ||| INVOKING Spit Poison.
  2309 | D:3      | Reached skill level 6 in Ranged Weapons
  2471 | D:3      | 2471 ||| INVOKING Spit Poison.
  2473 | D:3      | 2473 ||| Stepping ~*~*~tactically~*~*~ (outnumbered).
  2476 | D:3      | 2476 ||| INVOKING Spit Poison.
  2477 | D:3      | Reached XP level 6. HP: 53/56 MP: 6/6
  2480 | D:3      | 2480 ||| INVOKING Spit Poison.
  2485 | D:3      | 2485 ||| INVOKING Spit Poison.
  2652 | D:3      | 2652 ||| INVOKING Spit Poison.
  2893 | D:3      | 2893 ||| UPGRADING to +4 ring of protection.
  2981 | D:4      | Found a transporter.
  2989 | D:4      | Noticed a hornet
  3005 | D:4      | Found a transporter.
  3005 | D:4      | Noticed qw's ghost (amateur GrHu)
  3202 | D:4      | 3202 ||| INVOKING Spit Poison.
  3222 | D:4      | 3222 ||| INVOKING Spit Poison.
  3234 | D:4      | 3234 ||| INVOKING Spit Poison.
  3350 | D:4      | 3350 ||| INVOKING Spit Poison.
  3487 | D:4      | 3487 ||| READING scroll labelled XACVIDE KUZAUT.
  3488 | D:4      | 3488 ||| READING 2 scrolls of identify.
  3488 | D:4      | 3488 ||| IDENTIFYING viscous silvery potion
  3489 | D:4      | 3489 ||| DROPPING potion of magic.
  3505 | D:5      | Entered Level 5 of the Dungeon
  3512 | D:5      | 3512 ||| INVOKING Spit Poison.
  3519 | D:5      | 3519 ||| INVOKING Spit Poison.
  3521 | D:5      | 3521 ||| Stepping ~*~*~tactically~*~*~ (outnumbered).
  3523 | D:5      | 3523 ||| INVOKING Spit Poison.
  3530 | D:5      | 3530 ||| INVOKING Spit Poison.
  3534 | D:5      | HP: 9/57 [iguana (6)]
  3534 | D:5      | HP: 3/57 [worm (6)]
  3535 | D:5      | HP: 1/57 [iguana (3)]
  3536 | D:5      | Slain by an iguana

Levels and vault maps discovered:
D:1:      kilobyte_arrival_exit_the_forest, layout_basic
D:2:      minmay_spotlight, layout_loops_cross, basic_altar
D:3:      layout_basic, hellmonk_ecumenical_altar_watching_god
D:4:      layout_basic, mainiacjoe_overflow_small_starburst,
          gammafunk_ghost_arena, minmay_crystal_water
D:5:      layout_loops_ring, minmay_temple_entry_offerings,
          hangedman_decor_clover_reticule, hangedman_decor_growths,
          patterned_corridor, uniq_pikel

Skill      XL: |  1  2  3  4  5  6 |
---------------+-------------------+-----
Ranged Weapons | 4 5 6 |  6.2
Fighting       | 3 4 |  4.1
Dodging        | |  1.5
Stealth        | |  1.5

Action                     |  1- 3 |  4- 6 || total
---------------------------+-------+-------++-------
   Fire: Shortbow          |    50 |    91 ||   141
Ability: Spit Poison       |    22 |    25 ||    47
    Use: Scroll            |     7 |     2 ||     9
         Potion            |     1 |       ||     1
 Armour: Leather armour    |     6 |    12 ||    18
  Dodge: Dodged            |     5 |    30 ||    35

Table legend:
 A = Non-vault XP
 B = Vault XP
 C = Vault XP percentage of total XP
 D = Non-vault monster count
 E = Vault monster count
 F = Vault count percentage of total count
                 A         B        C        D         E       F
            +---------+---------+-------+---------+---------+-------
      Total |     526 |       9 |   1.7 |      56 |       4 |   6.7
            +---------+---------+-------+---------+---------+-------
        D:1 |       9 |       0 |   0.0 |       5 |       0 |   0.0
        D:2 |      11 |       9 |  45.0 |       9 |       4 |  30.8
        D:3 |     184 |       0 |   0.0 |      20 |       0 |   0.0
        D:4 |     201 |       0 |   0.0 |      18 |       0 |   0.0
        D:5 |     121 |       0 |   0.0 |       4 |       0 |   0.0
            +---------+---------+-------+---------+---------+-------
